 Dungeon Crawl Stone Soup version 0.29-a0-824-gd827844252 (webtiles) character file.

Game seed: 8343817422627181600

15 coolguy69 the Cutter (level 2, -1/16 HPs)
             Began as a Vine Stalker Berserker on July 10, 2022.
             Was a Follower of Trog.
             Slain by a hobgoblin (2 damage)
             ... on level 1 of the Dungeon.
             The game lasted 00:00:18 (551 turns).

coolguy69 the Cutter (Vine Stalker Berserker)        Turns: 551, Time: 00:00:18

Health: -1/16      AC:  2    Str: 19    XL:     2   Next: 50%
Magic:  0/3        EV: 12    Int:  7    God:    Trog [*.....]
Gold:   30         SH:  0    Dex: 13    Spells: 1/1 levels left

rFire   . . .      SeeInvis .   a - +0 short sword
rCold   . . .      Faith    .   (no shield)
rNeg    . . .      Spirit   +   b - +0 animal skin
rPois   .          Reflect  .   (no helmet)
rElec   .          Harm     .   (no cloak)
rCorr   .          Rampage  .   (no gloves)
Will    .....                   (no boots)
Stlth   +.........              (no amulet)
HPRegen 0.05/turn               (no ring)
MPRegen 0.08/turn               (no ring)

@: no status effects
A: fangs 2, magic shield, antimagic bite, no potion heal 2
a: Renounce Religion, Berserk


You were on level 1 of the Dungeon.
You worshipped Trog.
Trog was aware of your devotion.
You visited 1 branch of the dungeon, and saw 1 of its levels.

You collected 30 gold pieces.

Inventory:

Hand Weapons
 a - a +0 short sword (weapon)
Armour
 b - a +0 animal skin (worn)
Potions
 c - 3 potions of invisibility {unknown}


   Skills:
 + Level 2.9 Fighting
 + Level 3.0 Short Blades
 + Level 1.7 Armour
 + Level 1.7 Dodging


You had one spell level left.
You didn't know any spells.
Your spell library was empty.

Dungeon Overview and Level Annotations

Branches:
Dungeon (1/15)

Altars:


Innate Abilities, Weirdness & Mutations

You have extremely sharp teeth.
When hurt, damage is shared between your health and your magic reserves.
Your bite disrupts and absorbs the magic of your enemies.
Potions cannot restore your health.


Message History

The kobold hits you with a +0 dagger.
You hit the giant cockroach. You bite the giant cockroach. You drain its power.
You feel invigorated.
The giant cockroach is heavily wounded.
The giant cockroach bites you but does no damage.
The hobgoblin completely misses you. The kobold hits you but does no damage.
The giant cockroach misses you.
You hit the giant cockroach.
The giant cockroach is severely wounded.
The giant cockroach bites you but does no damage.
The hobgoblin closely misses you. The kobold barely misses you.
The kobold hits you with a +0 dagger.
You barely miss the giant cockroach. You bite the giant cockroach.
You kill the giant cockroach!
Trog accepts your kill. The kobold barely misses you. The kobold misses you.
The hobgoblin hits you but does no damage.
Your Short Blades skill increases to level 3!
You hit the kobold. Your bite misses the kobold.
The kobold is severely wounded.
The kobold barely misses you. The hobgoblin closely misses you.
The kobold closely misses you.
You hit the kobold but do no damage. You bite the kobold.
You kill the kobold!
Trog accepts your kill.
The kobold hits you with a +0 short sword.
The hobgoblin hits you.
You are too injured to fight recklessly!
You are too injured to fight recklessly!
You are too injured to fight recklessly!
You are too injured to fight recklessly!
You are too injured to fight recklessly!
You are too injured to fight recklessly!
You are too injured to fight recklessly!
You are too injured to fight recklessly!
You hit the kobold but do no damage. You bite the kobold, but do no damage.
The kobold hits you with a +0 short sword.
* * * LOW HITPOINT WARNING * * *
The hobgoblin hits you.
You die...

#..## +.#...#
#.#...#####+#
#.#..........
#.#..........
#.#.#........
+####+.#†..)......
.......#..@K......
.+########'...g......
............#).......
#......#.##........
#......#..+........
#......####........
#####)## ######...
#.# ##. #.#


You could see a hobgoblin and a kobold.

Vanquished Creatures
  A dart slug (D:1)
  An endoplasm (D:1)
  2 giant cockroaches (D:1)
  A ball python (D:1)
  2 bats (D:1)
  A goblin (D:1)
  5 kobolds (D:1)
13 creatures vanquished.

Notes
Turn   | Place    | Note
-------+----------+-------------------------------------------
     0 | D:1      | coolguy69 the Vine Stalker Berserker began the quest for
                  | the Orb.
     0 | D:1      | Reached XP level 1. HP: 11/11 MP: 2/2
   155 | D:1      | Found a faded altar of an unknown god.
   317 | D:1      | Reached XP level 2. HP: 16/16 MP: 3/3
   549 | D:1      | Reached skill level 3 in Short Blades
   551 | D:1      | Slain by a hobgoblin

Illustrated notes

Levels and vault maps discovered:
D:1:      nicolae_arrival_memento_mori, layout_basic,
          hellmonk_ecumenical_altar_arch_garden, minivault_11

Skill      XL: |  1  2 |
---------------+-------+-----
Short Blades   | 3 |  3.0
Fighting       | |  2.9
Armour         | |  1.7
Dodging        | |  1.7

Action                   || total
-------------------------++-------
Melee: Short sword       ||    36
       Bite              ||    11
       Punch             ||     1
 Stab: Sleeping          ||     1
Armor: Animal skin       ||    12
Dodge: Dodged            ||    31

Table legend: (Time is in decaauts)
 A = Elapsed time spent in this place.
 B = Non-inter-level travel time spent in this place.
 C = Inter-level travel time spent in this place.
 D = Time resting spent in this place.
 E = Time spent auto-exploring this place.
 F = Levels seen in this place.
 G = Mean time per level.
                   A        B        C        D        E       F      G
               +--------+--------+--------+--------+--------+-----+--------+
         Total |    549 |    549 |      0 |      0 |    463 |   1 |  549.0 |
       Dungeon |    549 |    549 |      0 |      0 |    463 |   1 |  549.0 |
               +--------+--------+--------+--------+--------+-----+--------+

Top non-repeatable levels by time:
     D:1: 549 daAuts
